 Dungeon Crawl Stone Soup version 0.32-a0-519-g08f29ac1c3 (webtiles) character file.

Game seed: 13532732018341214549

58 Alarak the Shooter (level 3, -1/29 HPs)
             Began as a Demigod Hunter on Feb 28, 2024.
             Succumbed to an adder's poison
             ... on level 1 of the Dungeon.
             The game lasted 00:02:42 (801 turns).

Alarak the Shooter (Demigod Hunter)                  Turns: 801, Time: 00:02:43

Health: -1/29      AC:  3    Str: 12    XL:     3   Next: 52%
Magic:  5/5        EV: 12    Int: 11    God:
Gold:   32         SH:  0    Dex: 21    Spells: 2/2 levels left

rFire   . . .        e - +2 short sword (venom)
rCold   . . .        (no shield)
rNeg    . . .        c - +0 leather armour
rPois   .            (no helmet)
rElec   .            (no cloak)
rCorr   .            (no gloves)
SInv    .            (no boots)
Will    .....        (no amulet)
Stlth   ++           (no ring)
HPRegen 0.24/turn    (no ring)
MPRegen 0.09/turn

%: no passive effects
@: lethally poisoned (-1 -> -10), invisible
A: high MP 1, forlorn, divine attributes
a: no special abilities


You were on level 1 of the Dungeon.
You visited 1 branch of the dungeon, and saw 2 of its levels.

You collected 32 gold pieces.

Inventory:

Hand Weapons
 a - a +1 shortbow
 e - a +2 short sword of venom (weapon)
Armour
 c - a +0 leather armour (worn)
Scrolls
 b - a scroll of butterflies
 d - a scroll of enchant weapon
 h - 2 scrolls of identify {unknown}
 i - a scroll of brand weapon {unknown}
 j - a scroll of torment {unknown}


   Skills:
 - Level 1.7 Fighting
 + Level 5.0 Ranged Weapons
 - Level 1.7 Dodging
 - Level 0.8 Stealth


You had 2 spell levels left.
You didn't know any spells.
Your spell library contained the following spells:

 Spells                   Type           Power      Damage    Failure   Level
 Apportation              Tloc           0%         N/A       41%         1
 Necrotise                Necr           0%         1d4       41%         1
 Sting                    Conj/Alch      0%         1d3       41%         1
 Summon Small Mammal      Summ           0%         N/A       41%         1


Dungeon Overview and Level Annotations

Branches:
Dungeon (2/15)


Innate Abilities, Weirdness & Mutations

You have an increased reservoir of magic. (+10% MP)
You shall have no god before yourself.
Your divine heritage dramatically boosts your attributes as you level up.


Message History

The ball python constricts you. The hobgoblin hits you.
Unknown command.
You escape the ball python's grasp.
The adder bites you.
You are poisoned.
The adder poisons you! The hobgoblin hits you.
The adder bites you but does no damage. The ball python misses you.
You climb upwards.
You feel sick.
There is a stone staircase leading down here.
You shoot an arrow. The arrow hits the ball python!
You kill the ball python!
You feel sick. The hobgoblin hits you. The adder bites you.
You are more poisoned.
The adder poisons you!
You shoot an arrow. The arrow barely misses the adder.
You feel sick. The adder bites you. The hobgoblin closely misses you.
The adder bites you.
You are lethally poisoned!
The adder poisons you!
The hobgoblin hits you but does no damage.
You are too injured to fight recklessly!
You are too injured to fight recklessly!
Your +2 short sword of venom begins to drip with poison!
e - a +2 short sword of venom (weapon)
You feel sick. The adder bites you.
You miss the adder.
* * * LOW HITPOINT WARNING * * *
You feel very sick. The hobgoblin barely misses you.
The adder bites you but does no damage.
You barely miss the adder.
* * * LOW HITPOINT WARNING * * *
You feel sick. The adder bites you.
* * * LOW HITPOINT WARNING * * *
You are more poisoned.
The adder poisons you! The hobgoblin hits you.
* * * LOW HITPOINT WARNING * * *
Unknown command.
Unknown command.
Okay, then.
It was a potion of invisibility.
You fade into invisibility!
You die...

............#.......#
............#.......#
....................#
..................#.##
.......##.........#..#
...÷.............###.#
#..........###...##..#####
#...#......##..g.#.......#
#...#...........@†...###.######
#...#......##...S....#.(......#
#...#......##....#.#...#.####.###
#####......##....#.#)..#.#....#..
# #......#####.#.....#......#.# #
######## #.##.#......##.#.# #
#.#.....#....#...#
#..)....#......###
###.###...........


You could see an adder (unable to see you) and a hobgoblin (unable to see you).

Vanquished Creatures
  A gnoll (D:1)
  3 dart slugs (D:1)
  A ball python (D:1)
  An endoplasm (D:1)
  3 giant cockroaches
  4 goblins (D:1)
  5 hobgoblins (D:1)
  7 jackals
  2 bats (D:1)
  7 kobolds
  3 rats (D:1)
37 creatures vanquished.

Notes
Turn   | Place    | Note
-------+----------+-------------------------------------------
     0 | D:1      | Alarak the Demigod Hunter began the quest for the Orb.
     0 | D:1      | Reached XP level 1. HP: 17/17 MP: 3/3
   146 | D:1      | Reached skill level 4 in Ranged Weapons
   156 | D:1      | Reached XP level 2. HP: 22/24 MP: 4/4
   390 | D:1      | Reached XP level 3. HP: 29/29 MP: 5/5
   764 | D:2      | Reached skill level 5 in Ranged Weapons
   800 | D:1      | HP: 1/29 [hobgoblin (2)]
   801 | D:1      | Succumbed to an adder's poison

Illustrated notes

Levels and vault maps discovered:
D:1:      ncdulo_watergridlock, layout_basic, serial_glass, glass_columns_a,
          glass_columns_a, feat_on_display
D:2:      layout_rooms, basic_altar, minmay_misc_feat_ornament

Skill      XL: |  1  2  3 |
---------------+----------+-----
Ranged Weapons | 4 5 |  5.0
Fighting       | |  1.7
Dodging        | |  1.7
Stealth        | |  0.8

Action                     || total
---------------------------++-------
  Melee: Short sword       ||     2
   Fire: Shortbow          ||   107
    Use: Scroll            ||     3
         Potion            ||     1
 Armour: Leather armour    ||    40
  Dodge: Dodged            ||    48

Table legend: (Time is in decaauts)
 A = Elapsed time spent in this place.
 B = Non-inter-level travel time spent in this place.
 C = Inter-level travel time spent in this place.
 D = Time resting spent in this place.
 E = Time spent auto-exploring this place.
 F = Levels seen in this place.
 G = Mean time per level.
                   A        B        C        D        E       F      G
               +--------+--------+--------+--------+--------+-----+--------+
         Total |    824 |    791 |     33 |    174 |    429 |   2 |  412.0 |
       Dungeon |    824 |    791 |     33 |    174 |    429 |   2 |  412.0 |
               +--------+--------+--------+--------+--------+-----+--------+

Top non-repeatable levels by time:
     D:1: 777 daAuts
     D:2: 46 daAuts
